Cogmind - Beta 14 @@@ ROGUE MODE // 2024.11.23 @ 22:54:50 Player: skye Result: Self-destructed Performance ------------- Evolutions (3) 1500 Regions Visited (8) 1600 Robots Destroyed (66) 330 Value Destroyed (1804) 1804 Prototype IDs (24) 480 Alien Tech Used (0) 0 Bonus (325) 325 TOTAL SCORE: 6039 Bonus ------- Follower Combat Kills 25 Aligned with FarCom 300 Cogmind --------- Core Integrity 388/700 Matter 271/300 Energy 340/340 System Corruption 3% Temperature Cool (0) Movement Core (400) Ox7 Location -7/Factory Parts ------- > --- POWER (2) -------- Improved Deuterium Engine Micro Nuclear Core > --- PROPULSION (4) --- (None) > --- UTILITY (5) ------ Structural Scanner Targeting Computer Microactuators Transmission Jammer Hacking Suite > --- WEAPON (2) ------- Great Axe > --- INVENTORY (5) ---- Cooling System Terrain Scanner Guided Plasma Cannon Heavy Rocket Launcher Remote Datajack Peak State ------------ > --- POWER ------------ Improved Deuterium Engine Micro Nuclear Core > --- PROPULSION ------- Gravmag System Gravmag System > --- UTILITY ---------- Structural Scanner Targeting Computer Microactuators Transmission Jammer Hacking Suite > --- WEAPON ----------- Great Axe > --- INVENTORY -------- Cooling System Terrain Scanner Guided Plasma Cannon Heavy Rocket Launcher Remote Datajack [Rating: 34] Favorites ----------- Power Ion Engine Engine Ion Engine Power Core Light Nuclear Core Propulsion VTOL Module Treads Light Treads Leg Aluminum Leg Wheel Wheel Hover Unit Gravmag System Flight Unit VTOL Module Utility Structural Scanner Device Structural Scanner Storage Small Storage Unit Processor Targeting Computer Hackware Hacking Suite Protection Power Shielding Weapon EM Pulse Gun Energy Gun EM Pulse Gun Energy Cannon Beam Cannon Ballistic Gun Light Assault Rifle Ballistic Cannon Light Cannon Launcher Grenade Launcher Impact Weapon Hammer Slashing Weapon Great Axe Piercing Weapon Spear Build | -11 -10 -10 -9 -9 -9 -8 -8 -7 ------- Run | Yrd Mat Min Mat Min Exi Min Mat Fac Slots Evolved 6 | . . . 2 . . . 2 2 Power 1 | . . . . . . . . 1 Propulsion 2 | . . . 1 . . . 1 . Utility 3 | . . . 1 . . . 1 1 Weapon . | . . . . . . . . . Parts Attached 92 | 2 14 1 22 1 1 5 23 23 Power 11 | . 2 . 3 . . . 1 5 Engine 7 | . 2 . 3 . . . 1 1 Core 4 | . . . . . . . . 4 Reactor . | . . . . . . . . . Propulsion 31 | 2 6 . 8 1 . 1 7 6 Treads 2 | 2 . . . . . . . . Leg 5 | . . . . . . . 4 1 Wheel 3 | . 2 . 1 . . . . . Hover 10 | . 2 . . . . . 3 5 Flight 11 | . 2 . 7 1 . 1 . . Utility 26 | . 4 . 5 . 1 1 7 8 Device 12 | . 1 . 1 . . . 5 5 Storage 2 | . 2 . . . . . . . Processor 5 | . 1 . 2 . 1 . . 1 Hackware 2 | . . . . . . . . 2 Protection 5 | . . . 2 . . 1 2 . Artifact . | . . . . . . . . . Weapon 24 | . 2 1 6 . . 3 8 4 Energy Gun 2 | . 1 . 1 . . . . . Energy Cannon 5 | . 1 . . . . . 2 2 Ballistic Gun 1 | . . . . . . . . 1 Ballistic Cannon 2 | . . . 2 . . . . . Launcher 5 | . . . 1 . . 2 2 . Special Weapon . | . . . . . . . . . Impact Weapon 4 | . . 1 2 . . 1 . . Slashing Weapon 3 | . . . . . . . 2 1 Piercing Weapon 2 | . . . . . . . 2 . Special Melee Weapon . | . . . . . . . . . Unidentified Prototypes 1 | . . . . . . . 1 . Parts Lost 41 | . 6 . 5 1 . 2 12 15 Power 7 | . 1 . 1 . . . 1 4 Propulsion 22 | . 3 . 3 1 . 2 6 7 Utility 8 | . . . 1 . . . 4 3 Weapon 4 | . 2 . . . . . 1 1 Highest Loss Streak 6 | . 6 . 2 1 . 2 6 6 To Critical Strikes . | . . . . . . . . . Average Slot Usage (%) 76 | . 80 39 69 88 88 85 68 75 Engine 9 | . 13 14 9 11 11 11 8 4 Core 2 | . . . . . . . . 7 Treads 1 | . 4 . . . . . . . Leg 3 | . . . . . . . 7 9 Hover 7 | . 14 . . . . . 8 9 Flight 10 | . 4 14 17 33 33 31 7 . Device 10 | . 2 . . 11 11 11 15 21 Storage 3 | . 13 . . . . . . . Processor 6 | . 3 . 13 11 16 13 6 1 Hackware 2 | . . . . . . . . 8 Protection 4 | . . . 12 11 5 9 6 . Energy Gun 3 | . 14 . . . . . . . Energy Cannon 2 | . 7 . . . . . 1 1 Ballistic Cannon 1 | . . . 9 . . . . . Impact Weapon 1 | . . 11 3 11 11 2 . . Piercing Weapon 1 | . . . . . . . 3 4 Peak Build Rating 34 | 6 7 3 14 11 12 12 21 34 Average Rating 14 | 5 5 2 7 10 11 11 15 28 On Entrance 8 | 6 6 3 2 10 11 12 8 15 Naked Turns . | . . . . . . . . . Heaviest Build 28 | 12 17 5 17 9 9 10 24 28 Greatest Support 40 | 40 40 4 12 12 12 12 30 30 Greatest Overweight (x) 6 | . 2 1 5 . . . 6 5 Average Overweight (x) . | . . . . . . . . . Largest Inventory Capacity 8 | 8 8 5 5 5 5 5 5 5 Average Capacity 5 | 8 7 5 5 5 5 5 5 5 Most Carried 8 | 7 8 5 5 5 5 5 5 5 Average Carried 5 | 6 6 4 4 4 4 4 4 4 Final Capacity 8 | 8 5 5 5 5 5 5 5 5 Final Carried 6 | 6 5 5 5 4 5 5 4 5 Class Distribution -------------------- 33% | Scavenger-Mutant 30% | Mutant 16% | Sprinter 9% | Scavenger-Assassin 5% | Hacker-Mutant 4% | Infiltrator-Mutant Dominant Class ---------------- Scavenger-Mutant | -10/Materials Mutant | -10/Mines Mutant | -9/Materials Sprinter | -9/Mines Sprinter | -9/Exiles Sprinter | -8/Mines Mutant | -8/Materials Scavenger-Assassin | -7/Factory Resources | -11 -10 -10 -9 -9 -9 -8 -8 -7 ----------- Run | Yrd Mat Min Mat Min Exi Min Mat Fac Matter Collected 1474 | 214 216 10 371 31 . 155 289 188 Remotely . | . . . . . . . . . Salvage Created 2024 | . 699 . 332 . . 293 298 402 Parts 138 | . 46 . 31 . . 16 22 23 Haulers Intercepted 3 | . 2 . 1 . . . . . Recyclers Shooed 1 | . . . 1 . . . . . Parts Field Recycled . | . . . . . . . . . Retrieved Matter . | . . . . . . . . . Parts Self-Destructed . | . . . . . . . . . Prevented . | . . . . . . . . . Kills | -11 -10 -10 -9 -9 -9 -8 -8 -7 ------- Run | Yrd Mat Min Mat Min Exi Min Mat Fac Combat Hostiles Destroyed 48 | . 12 . 10 . . 10 9 7 Melee 6 | . . . . . . . 1 5 Guns 7 | . 7 . . . . . . . Cannons 18 | . 4 . 9 . . . 4 1 AOE 16 | . 1 . 1 . . 10 4 . Classes Destroyed 11 | . 8 . 1 . . 1 . 1 Worker 5 | . 1 . 1 . . 2 1 . Builder 2 | . 1 . 1 . . . . . Hauler 3 | . 2 . 1 . . . . . Recycler 2 | . 1 . . . . 1 . . Operator 3 | . 1 . 1 . . . . 1 Watcher 3 | . 2 . 1 . . . . . Swarmer 14 | . 3 . 3 . . 4 4 . Grunt 26 | . 9 . 5 . . 5 4 3 Brawler 1 | . . . . . . 1 . . Sentry 5 | . . . 2 . . . 1 2 Programmer 2 | . . . . . . . . 2 Best Kill Streak 9 | . 7 . 3 . . 9 4 2 Combat Bots Only 4 | . 3 . 3 . . 4 4 2 Max Kills in Single Turn 4 | . 3 . 1 . . 4 2 1 Gunslinging . | . . . . . . . . . Exploded 4 | . 1 . 1 . . 4 2 . Melee 1 | . . . . . . . 1 1 Uniques/NPCs Destroyed . | . . . . . . . . . Combat | -11 -10 -10 -9 -9 -9 -8 -8 -7 -------- Run | Yrd Mat Min Mat Min Exi Min Mat Fac Hostile Shots Fired 461 | . 87 6 73 8 . 22 79 186 Missed 168 | . 31 2 30 2 . 12 23 68 Damage Taken 3628 | . 664 59 531 61 . 148 877 1288 Core 915 | . 158 28 140 26 . 28 223 312 Absorbed by Shields 4 | . . . . . . . . 4 Redirected to Shielding 28 | . . . 7 . . 12 9 . Regen/Repaired (Parts) 19 | . . . 19 . . . . . Core Remaining (%) 58 | 100 . 25 . . . 51 59 . Volleys Fired 148 | . 66 . 36 . . 15 17 14 Largest 2 | . 2 . 2 . . 1 1 1 Hottest 120 | . 100 . 70 . . 30 120 120 Shots Fired 197 | . 94 . 58 . . 15 17 13 Gun 77 | . 71 . . . . . . 6 Cannon 97 | . 23 . 54 . . . 13 7 Launcher 23 | . . . 4 . . 15 4 . Special . | . . . . . . . . . Kinetic 60 | . . . 54 . . . . 6 Thermal 65 | . 54 . . . . . 10 1 Explosive 23 | . . . 4 . . 15 4 . Electromagnetic 49 | . 40 . . . . . 3 6 Robot Hit Streak 14 | . 13 . 14 . . 11 14 6 Robot Miss Streak 5 | . 4 . 5 . . . 2 1 Penetration Max . | . . . . . . . . . Secondary Targets 1 | . 1 . . . . . . . Max Gunslinging Chain 1 | . 1 . . . . . . . Shots Hit Robots 154 | . 55 1 41 . . 4 20 33 Core Hits 88 | . 26 . 18 . . 19 11 14 Critical Kills . | . . . . . . . . . Critical Parts Destroyed 1 | . . . 1 . . . . . Critical Strikes 4 | . 1 . 2 . . . . 1 Blast 1 | . . . 1 . . . . . Corrupt 1 | . 1 . . . . . . . Smash 1 | . . . 1 . . . . . Impale 1 | . . . . . . . . 1 Melee Attacks 50 | . . 1 5 . . 2 10 32 Impact 8 | . . 1 5 . . 2 . . Slashing 3 | . . . . . . . 2 1 Piercing 39 | . . . . . . . 8 31 Sneak Attacks 7 | . . . 2 . . 2 1 2 Combat Hostiles . | . . . . . . . . . Follow-up Attacks . | . . . . . . . . . Damage Inflicted 4732 | . 976 36 834 . . 1161 822 903 Guns 627 | . 578 . . . . . . 49 Cannons 1313 | . 195 . 558 . . . 415 145 Explosions 1514 | . 203 . 75 . . 1036 200 . Melee 1261 | . . 36 201 . . 125 190 709 Ramming 17 | . . . . . . . 17 . Kinetic 607 | . . . 558 . . . . 49 Thermal 1027 | . 630 . . . . . 350 47 Explosive 1311 | . . . 75 . . 1036 200 . Electromagnetic 509 | . 346 . . . . . 65 98 Impact 362 | . . 36 201 . . 125 . . Slashing 64 | . . . . . . . . 64 Piercing 835 | . . . . . . . 190 645 Highest Corruption 3 | . . . . . . . . 3 Average Corruption 2 | . . . . . . . . 2 Corruption Purged . | . . . . . . . . . Corruption Blocked . | . . . . . . . . . Effects 5 | . . . . . . . . 5 Matter Fused 1 | . . . . . . . . 1 Energy Discharges 1 | . . . . . . . . 1 Data Loss (minor) 1 | . . . . . . . . 1 Alerts 1 | . . . . . . . . 1 Weapon Failures 1 | . . . . . . . . 1 Overload Shots . | . . . . . . . . . Overflow Damage 295 | . 31 . 89 . . 80 28 67 Projectiles 56 | . . . 28 . . . 28 . Explosions 56 | . 31 . . . . 25 . . Melee 183 | . . . 61 . . 55 . 67 Knockbacks 9 | . . . 9 . . . . . Impact . | . . . . . . . . . Kinetic 9 | . . . 9 . . . . . Secondary . | . . . . . . . . . Self-Inflicted Damage 8 | . . . . . . . 8 . Shots . | . . . . . . . . . Rammed 2 | . . 1 . . . . 1 . Targets Rammed 3 | . . 1 . . . . 2 . Kicked 1 | . . . . . . . 1 . Crushed . | . . . . . . . . . Highest Temperature 504 | . 385 . 136 . . 8 504 52 Average Temperature 86 | . 78 . 30 . . 3 188 32 Received Heat Transfer 1566 | . 300 33 261 27 . 81 468 396 Effects 4 | . . . . . . . 4 . Shutdowns 2 | . . . . . . . 2 . Energy Bleed 1 | . . . . . . . 1 . Damage (minor) 1 | . . . . . . . 1 . Siege Activations . | . . . . . . . . . Robots Corrupted 2 | . . . 1 . . . . 1 Combat Hostiles 1 | . . . . . . . . 1 Parts Fried 10 | . 3 . 4 . . 2 . 1 Impact Corruptions 4 | . . . 2 . . 2 . . Robots Melted . | . . . . . . . . . Combat Hostiles . | . . . . . . . . . Parts Melted 8 | . 4 . . . . . 3 1 Heat Transferred 2012 | . 1132 . . . . . 800 80 Parts Sabotaged . | . . . . . . . . . Parts Stolen . | . . . . . . . . . Parts Stripped . | . . . . . . . . . Power Chain Reactions 2 | . 2 . . . . . . . Alert | -11 -10 -10 -9 -9 -9 -8 -8 -7 ------- Run | Yrd Mat Min Mat Min Exi Min Mat Fac Peak Influence 382 | . 257 43 364 261 . 283 382 105 Initial 129 | . . 43 16 129 . . 109 14 Average 132 | . 137 43 192 187 . 137 264 34 Maximum Alert Level 1 | . 1 . 1 1 . 1 1 . Low Security (%) 71 | 100 69 100 55 54 . 72 27 100 Level 1 28 | . 30 . 44 45 . 27 72 . Level 2 . | . . . . . . . . . Level 3 . | . . . . . . . . . Level 4 . | . . . . . . . . . Level 5 . | . . . . . . . . . High Security . | . . . . . . . . . Max Security . | . . . . . . . . . Squads Dispatched 7 | . 2 . 1 1 . . . 3 Investigation 3 | . 1 . . 1 . . . 1 Extermination 1 | . . . . . . . . 1 Reinforcement 3 | . 1 . 1 . . . . 1 Assault . | . . . . . . . . . Garrison . | . . . . . . . . . Intercept . | . . . . . . . . . Searches Triggered . | . . . . . . . . . Construction Impeded . | . . . . . . . . . Haulers Reinforced . | . . . . . . . . . Active Scanning Responses . | . . . . . . . . . Cargo Convoy Interrupts . | . . . . . . . . . Stealth | -11 -10 -10 -9 -9 -9 -8 -8 -7 --------- Run | Yrd Mat Min Mat Min Exi Min Mat Fac Distress Signals 3 | . 1 . . . . . 1 1 Communications Jammed . | . . . . . . . . . Distress Signals . | . . . . . . . . . Times Spotted 101 | . 25 2 23 7 . 10 19 15 Peak Tracking Total 7 | . 5 2 6 7 . 4 6 6 Tactical Retreats 14 | . 3 . 5 2 . . 3 1 Traps | -11 -10 -10 -9 -9 -9 -8 -8 -7 ------- Run | Yrd Mat Min Mat Min Exi Min Mat Fac Traps Triggered 3 | . 1 . . . . . . 2 Indirectly . | . . . . . . . . . Trap Hack Attempts . | . . . . . . . . . Triggered . | . . . . . . . . . Disarmed . | . . . . . . . . . Reprogrammed . | . . . . . . . . . Reused . | . . . . . . . . . Traps Extracted . | . . . . . . . . . Installed . | . . . . . . . . . Triggered . | . . . . . . . . . Machines | -11 -10 -10 -9 -9 -9 -8 -8 -7 ---------- Run | Yrd Mat Min Mat Min Exi Min Mat Fac Machines Disabled 2 | . 1 . 1 . . . . . Max in Single Turn 1 | . 1 . 1 . . . . . Machines Repaired . | . . . . . . . . . Machines Dismantled . | . . . . . . . . . Machines Sabotaged . | . . . . . . . . . Overloaded Fab Kills . | . . . . . . . . . Hacking | -11 -10 -10 -9 -9 -9 -8 -8 -7 --------- Run | Yrd Mat Min Mat Min Exi Min Mat Fac Machines Accessed 22 | . 5 . 5 1 1 . 6 4 Terminals 14 | . 5 . 2 . . . 5 2 Fabricators 1 | . . . . . . . . 1 Repair Stations 1 | . . . 1 . . . . . Recycling Units 1 | . . . 1 . . . . . Scanalyzers 1 | . . . 1 . . . . . Garrison Access 2 | . . . . . . . 1 1 Total Hacks 50 | . 16 . 11 1 1 . 14 7 Successful 25 | . 6 . 8 1 1 . 5 4 Failed 25 | . 10 . 3 . . . 9 3 Catastrophic 4 | . 2 . . . . . 1 1 Database Lockouts . | . . . . . . . . . Manual 32 | . 13 . 5 . 1 . 10 3 Terminals 36 | . 16 . 4 . . . 12 4 Fabricators 2 | . . . . . . . . 2 Repair Stations 2 | . . . 2 . . . . . Recycling Units 1 | . . . 1 . . . . . Scanalyzers 4 | . . . 4 . . . . . Garrison Access 3 | . . . . . . . 2 1 Terminal Hacks 8 | . 3 . . 1 1 . 2 1 Open Door 1 | . . . . 1 . . . . Open DSF 1 | . . . . . . . . 1 Terminal Index 1 | . 1 . . . . . . . Repair Station Index 1 | . 1 . . . . . . . Alert Level 1 | . . . . . . . 1 . Unreport Threat 1 | . . . . . . . 1 . Hauler Manifests 1 | . 1 . . . . . . . Derelict Proto ID Bank 1 | . . . . . 1 . . . Fabricator Hacks 2 | . . . . . . . . 2 Load Schematic 1 | . . . . . . . . 1 Build 1 | . . . . . . . . 1 Repair Station Hacks 2 | . . . 2 . . . . . Scan Component 1 | . . . 1 . . . . . Repair 1 | . . . 1 . . . . . Recycling Unit Hacks . | . . . . . . . . . Scanalyzer 4 | . . . 4 . . . . . Insert Component 2 | . . . 2 . . . . . Analyze 2 | . . . 2 . . . . . Garrison Access Hacks . | . . . . . . . . . Unauthorized Hacks 9 | . 3 . 2 . . . 3 1 Terminals 8 | . 3 . 1 . . . 3 1 Botnet 8 | . 3 . 1 . . . 3 1 Fabricators . | . . . . . . . . . Repair Stations . | . . . . . . . . . Recycling Units 1 | . . . 1 . . . . . Reject 1 | . . . 1 . . . . . Scanalyzers . | . . . . . . . . . Garrison Access . | . . . . . . . . . Data Cores Recovered . | . . . . . . . . . Used . | . . . . . . . . . Hacking Detections 19 | . 5 . 4 . . . 6 4 Full Trace Events 3 | . 1 . . . . . 1 1 Feedback Events . | . . . . . . . . . Feedback Blocked . | . . . . . . . . . Robot Schematics Acquired . | . . . . . . . . . Robots Built . | . . . . . . . . . Authchips . | . . . . . . . . . Time . | . . . . . . . . . Total Robot Build Rating . | . . . . . . . . . Part Schematics Acquired 2 | . . . 2 . . . . . Parts Built 2 | . . . . . . . . 2 Authchips . | . . . . . . . . . Time 25 | . . . . . . . . 25 Total Part Build Rating 2 | . . . . . . . . 2 Parts Repaired 1 | . . . 1 . . . . . Time 32 | . . . 32 . . . . . Parts Recycled . | . . . . . . . . . Recycled Matter . | . . . . . . . . . Retrieved Matter . | . . . . . . . . . Retrieved Components . | . . . . . . . . . Parts Scanalyzed 2 | . . . 2 . . . . . Part Schematics Acquired 2 | . . . 2 . . . . . Parts Damaged . | . . . . . . . . . Bothacking | -11 -10 -10 -9 -9 -9 -8 -8 -7 ------------ Run | Yrd Mat Min Mat Min Exi Min Mat Fac Used RIF Installer . | . . . . . . . . . Robots Hacked . | . . . . . . . . . Non-combat . | . . . . . . . . . Combat . | . . . . . . . . . Robot Hacks Applied . | . . . . . . . . . Relay Couplers Released . | . . . . . . . . . Fabnet Peak Effective % . | . . . . . . . . . Robots Rewired . | . . . . . . . . . Allies Hacked . | . . . . . . . . . Hacks Repelled . | . . . . . . . . . Allies | -11 -10 -10 -9 -9 -9 -8 -8 -7 -------- Run | Yrd Mat Min Mat Min Exi Min Mat Fac Total Allies 5 | . . . . 5 . . . . Largest Group 4 | . . . . 4 3 1 . . Highest-Rated Group 69 | . . . . 69 53 8 . . Highest-Rated Ally 31 | . . . . 31 31 8 . . Total Orders . | . . . . . . . . . Ally Attacks 16 | . . . . 14 . 2 . . Total Damage 182 | . . . . 172 . 10 . . Kills 3 | . . . . 3 . . . . Allies Corrupted . | . . . . . . . . . Allies Melted . | . . . . . . . . . Intel | -11 -10 -10 -9 -9 -9 -8 -8 -7 ------- Run | Yrd Mat Min Mat Min Exi Min Mat Fac Robot Analysis Total . | . . . . . . . . . Derelict Logs Recovered . | . . . . . . . . . Drone Launches . | . . . . . . . . . Drone Recoveries . | . . . . . . . . . Exploration | -11 -10 -10 -9 -9 -9 -8 -8 -7 ------------- Run | Yrd Mat Min Mat Min Exi Min Mat Fac Turns Passed 3389 | 8 871 53 555 169 147 222 401 963 Spaces Moved 3350 | 4 692 57 745 321 221 365 453 492 Core 37 | . . . 29 . . . 3 5 Treads 62 | 4 58 . . . . . . . Legs 269 | . . . . . . . 76 193 Wheels 116 | . 3 . 113 . . . . . Hover 930 | . 371 . . . . . 265 294 Flight 1936 | . 260 57 603 321 221 365 109 . Fastest Speed 29 | 160 37 40 29 29 29 29 34 56 Average Speed 67 | 160 94 75 49 29 29 29 65 128 Slowest Speed 350 | 160 180 120 300 30 29 34 350 300 Overloaded Moves . | . . . . . . . . . Propulsion Burnouts . | . . . . . . . . . Robots Hopped 17 | . 1 2 5 3 . 5 1 . Cave-ins Triggered . | . . . . . . . . . Exploration Rate (%) 41 | 1 72 10 47 72 60 60 42 12 Regions Visited 8 Branch Regions 4 Pre-discovered Areas . | . . . . . . . . . Known Exits Taken 1 | . . . . . 1 . . . Unknown Exits Taken 7 | 1 1 1 1 1 . 1 1 . Scrap Searched 2 | . . 1 . . . 1 . . Spaces Dug 3 | . . . . . . . 2 1 Terrain Destroyed 115 | . 8 . 14 . . 71 21 1 Melee 3 | . . . . . . . 2 1 Projectile . | . . . . . . . . . AOE 112 | . 8 . 14 . . 71 19 . Terrain Rammed . | . . . . . . . . . Walls Destroyed . | . . . . . . . . . Machines Disabled . | . . . . . . . . . Actions | -11 -10 -10 -9 -9 -9 -8 -8 -7 --------- Run | Yrd Mat Min Mat Min Exi Min Mat Fac Total 4166 | 7 814 64 854 390 302 455 511 769 Wait 458 | . 25 3 39 72 80 67 3 169 Move 3309 | 3 689 52 734 314 220 355 450 492 Hop 16 | . 1 2 5 3 . 4 1 . Pick Up 21 | . 6 1 6 . 1 3 . 4 Fast Attach 56 | . 9 . 13 . . . 18 16 Attach 17 | 2 3 1 3 1 . 2 1 4 Detach 12 | 2 4 1 . . . 2 . 3 Swap 20 | . 2 . 6 . 1 3 5 3 Drop 30 | . 9 2 7 . . 2 4 6 Fire 148 | . 66 . 36 . . 15 17 14 Melee 50 | . . 1 5 . . 2 10 32 Ram 2 | . . 1 . . . . 1 . Kick 1 | . . . . . . . 1 . Crush . | . . . . . . . . . Escape Stasis 26 | . . . . . . . . 26 Rewire . | . . . . . . . . . Trap . | . . . . . . . . . Miscellaneous . | . . . . . . . . . Route ------- -11/Scrapyard -10/Materials (discovered 5 exits: *Mat x3 / [*Min] / [Sub]) -10/Mines -9/Materials (discovered 4 exits: *Mat x2 / *Min / [*Sto]) -9/Mines -9/Exiles -8/Mines -8/Materials -7/Factory History --------- Turn | Location | Event 4 | -11/Scrapyard | Discovered new exit (range 1) 9 | -11/Scrapyard | Entered Materials 112 | -10/Materials | Discovered new exit (range 15) 198 | -10/Materials | Discovered new exit (range 9) 338 | -10/Materials | Discovered new exit (range 6) 432 | -10/Materials | Build established: Scavenger-Mutant 432 | -10/Materials | Discovered new exit (range 6) 638 | -10/Materials | Core integrity fell below 50% 671 | -10/Materials | Lost 6 parts (1p3n2w) 777 | -10/Materials | Discovered new exit (range 10) 880 | -10/Materials | Entered Mines 904 | -10/Mines | Discovered new exit (range 13) 933 | -10/Mines | Entered Materials 933 | -9/Materials | Evolved 2 slots: Propulsion x1, Utility x1 965 | -9/Materials | Discovered new exit (range 14) 1140 | -9/Materials | Build established: Mutant 1371 | -9/Materials | Repaired Imp. Ion Engine 1384 | -9/Materials | Discovered new exit (range 10) 1478 | -9/Materials | Discovered new exit (range 4) 1484 | -9/Materials | Discovered new exit (range 16) 1488 | -9/Materials | Entered Mines 1490 | -9/Mines | Met a Derelict shopkeep closing up shop 1545 | -9/Mines | Assisted by bots powering up and referring to "LRC-V3" 1591 | -9/Mines | Deemed a non-threat by the Exiles lab entrance 1591 | -9/Mines | Discovered new exit (range 6) 1657 | -9/Mines | Entered Exiles 1657 | -9/Exiles | Accompanied by 3 allies 1665 | -9/Exiles | Met 8R-AWN 1669 | -9/Exiles | Met EX-HEX 1677 | -9/Exiles | Met EX-BIN 1681 | -9/Exiles | Aligned with FarCom system 1682 | -9/Exiles | Given EX-Vault access code 1687 | -9/Exiles | Led the pair of lost Derelicts to a safe place 1689 | -9/Exiles | Opened EX-Vault 1692 | -9/Exiles | Found Gui. Plasma Cannon 1699 | -9/Exiles | Warned to stay clear of 0b10 Research branches 1703 | -9/Exiles | Exiles lab attacked by MAIN.C 1719 | -9/Exiles | Discovered new exit (range 10) 1723 | -9/Exiles | Identified exit to Mines 1742 | -9/Exiles | Build established: Sprinter 1804 | -9/Exiles | Left Exiles lab with Gui. Plasma Cannon 1804 | -9/Exiles | Entered Mines 1804 | -8/Mines | Accompanied by 1 ally 2004 | -8/Mines | Discovered new exit (range 12) 2026 | -8/Mines | Entered Materials 2026 | -8/Materials | Evolved 2 slots: Propulsion x1, Utility x1 2292 | -8/Materials | Build established: Mutant 2306 | -8/Materials | Lost 6 parts (1p3n1u1w) 2358 | -8/Materials | Lost 4 parts (1n3u) 2416 | -8/Materials | Discovered new exit (range 9) 2427 | -8/Materials | Entered Factory 2427 | -7/Factory | Evolved 2 slots: Power x1, Utility x1 2644 | -7/Factory | Build established: Scavenger-Assassin 2739 | -7/Factory | Lost 6 parts (2p2n1u1w) 3006 | -7/Factory | Lost 3 parts (1p2n) 3219 | -7/Factory | Fabricated Structural Scanner (x2) 3390 | -7/Factory | Self-destructed Last Messages --------------- Uploading Structural Scanner schematic... Loaded successfully: Structural Scanner Rating: 1 Time: 25 Initiate build sequence. >>Build Building Structural Scanner... ETC: 25 03194_ ALERT: Unauthorized use of fabrication network. Dispatching investigation squad. 03219_ Fabricator completes Structural Scanner. 03219_ Acquired Structural Scanner. 03248_ Sneak attack on T-07 Excavator. 03248_ Destroyed Wheel. 03248_ Destroyed Imp. Terrain Scanner. 03251_ System corrupted: Component data lost. 03380_ System corrupted: Matter fused (-9). 03383_ Gravmag System destroyed. Map ----- +----------------------------------------------------+ | ?????????????????????????????????????????????????? | | ?????????????????????????????????????????????????? | | ?????????????????????????????????????????????????? | | ?????????????????????????????????????????????????? | | ?????????????????????????????????????????????????? | | ?????????????????????????????????????????????????? | | ????????????????????################?????????????? | | ????????????????????################?????????????? | | ????????????????????## ##?????????????? | | ????????????????????## ##?????????????? | | ????????????????????## """""" ##?????????????? | | ????????????????????## """""" ##?????????????? | | ????????????????????## """""" ##?????????????? | | ????????????w???????## """""" ##?????????????? | | ????????????????????## ##?????????????? | | ????????????????????## """""" ##?????????????? | | ????????????????????## """""" ##?????????????? | | ????????????????????## """""" ##?????????????? | | ????????????????????## """""" ##?????????????? | | ??????????? ### #######????????? | | ???????????#################+############????????? | | ??????????? ## ##????????? | | ??????????? ^ g ## [ !##????????? | | ?????????? w g + ########### | | ?????????? aa ## """" ########### | | ?????????? k @ ## """" # ] # | | ????????????###+####### ## """" + # | | ???????????? # # ## """" # "" """# | | ????????????????????? # ## """" # "" """# | | ????????????????????? # ## """" # """ ! "# | | ????????????????????? # ## """" # """ "F"# | | ????????????????????? #k ## # """ """# | | ????????????????????? # ## # # | | ????????????????????? # ## ####+###### | | ????????????????????? # t#####+### ### | | ????????????????????? # #?? | | ?????????????????????## T" ### | | ?????????????????????## " | | ?????????????????????## ### | | ?????????????????????## #?? | | ?????????????????????## ######+### #?? | | ????????????????????? # ?????????????### ###?? | | ??????????????????????? ???????????????# #???? | | ??????????????????????? ???????????????# #???? | | ??????????????????????? ???????????????# #???? | | ??????????????????????? ???????????????# #???? | | ???????????????? ?????# ?????????????? ???? | | ??????????????????????## ##?????????????# ???? | | ??????????????????????## ##????????????? #??? | | ?????????????????? ## ##"??????????? #??? | +----------------------------------------------------+ Best States ------------- Heat Dissipation 61 Energy Generation 26 Energy Capacity 340 Matter Stores 318 Matter Capacity 400 Sight Range 18 Terrain Scan Range 14 Terrain Scan Density 10 ECM Strength 1 Jamming Range 12 Armor Coverage 300 Power Shielding 33 Melee Speed Boost 20 Evasion (%) 64 Targeting Accuracy 5 Recoil Reduction 2 Kinecelleration 30 Offensive Hacking 20 Item Schematics ----------------- Hammer | -9/Materials | Scanalyzed Structural Scanner | -9/Materials | Scanalyzed Robot Schematics ------------------ None Fabricated ------------ Structural Scanner | x2 | -7/Factory Alien Tech Used ----------------- None Achievements -------------- None Challenges ------------ None Game ------ Seed ScanIntegratedSuperbattery Manual? 0 Play Time 00:39:14 Cumulative 60.6 hours Start 2024.11.23 @ 22:12:45 End 2024.11.23 @ 22:54:50 Sessions 1 Manual Loads 0 Difficulty Rogue Special Mode None Game No. 86 Rogue 42 Adventurer 44 Explorer 0 Win Type - Total 0 Types 0/0/0/0/0/0/0/0/0 Lore% 18 Gallery% 44 Achievement% 32 Wizard Run 0 Options --------- Layout 1 ASCII 0 Keyboard 1 Movement Vi Keybinds 0 Fullscreen 1 Font 24/Terminus Map View 50x40 Zoom Use 0% Tactical HUD 1 Map Filters NONE Filters NONE Steam 1 RUN: b50339ce-0914-4b5b-b65f-f480db851bfa